 Dungeon Crawl Stone Soup version 0.31-a0-1118-gbca3d03946 (webtiles) character file.

Game seed: 9082411902335807829

42 Dirtsage the Trooper (level 3, 0/40 HPs)
             Began as an Ogre Fighter on Dec 4, 2023.
             Slain by a goblin
             ... wielding a +0 club
             ... led by Robin
              (5 damage)
             ... on level 2 of the Dungeon.
             The game lasted 00:01:54 (1142 turns).

Dirtsage the Trooper (Ogre Fighter)                 Turns: 1142, Time: 00:01:54

Health: 0/40       AC:  3    Str: 22    XL:     3   Next: 54%
Magic:  3/3        EV:  8    Int:  9    God:
Gold:   69         SH:  7    Dex:  8    Spells: 2/2 levels left

rFire   . . .        a - +0 war axe
rCold   . . .        c - +0 kite shield
rNeg    . . .        b - +0 robe
rPois   .            (helmet restricted)
rElec   .            (no cloak)
rCorr   .            (gloves unavailable)
SInv    .            (boots unavailable)
Will    .....        (no amulet)
Stlth   +            (no ring)
HPRegen 0.26/turn    (no ring)
MPRegen 0.08/turn

%: no passive effects
@: no status effects
A: large, unfitting armour, tough skin 1
a: no special abilities


You were on level 2 of the Dungeon.
You visited 1 branch of the dungeon, and saw 2 of its levels.

You collected 69 gold pieces.

Inventory:

Hand Weapons
 a - a +0 war axe (weapon)
Armour
 b - a +0 robe (worn)
 c - a +0 kite shield (worn)
Jewellery
 k - a ring of magical power
Scrolls
 e - a scroll of identify {unknown}
 f - a scroll of teleportation {unknown}
 h - a scroll of enchant armour {unknown}
 i - a scroll of fog {unknown}
 j - a scroll of amnesia {unknown}
Potions
 d - 2 potions of might
 g - a potion of brilliance {unknown}
 l - 2 potions of invisibility {unknown}


   Skills:
 + Level 4.4 Fighting
 * Level 2.8 Axes
 + Level 3.0 Dodging
 + Level 3.3 Shields


You had 2 spell levels left.
You didn't know any spells.
Your spell library contained the following spells:

 Spells                   Type           Power      Damage    Failure   Level
 Static Discharge         Conj/Air       0%         3-3/arc   80%         2
 Airstrike                Air            0%         2d(0-16)  100%        4
 Summon Lightning Spire   Summ/Air       0%         N/A       100%        4


Dungeon Overview and Level Annotations

Branches:
Dungeon (2/15)

Altars:

Annotations:
D:2 Robin


Innate Abilities, Weirdness & Mutations

You are too large for most types of armour.
You have tough skin. (AC +1)


Message History

Robin roars a battlecry!
The goblins go into a battle-frenzy!
You block the hobgoblin's attack.
You take 2 damage, and have 25/40 hp.
You barely miss the hobgoblin.
The hobgoblin no longer looks unusually strong.
The hobgoblin hits you but does no damage.
Robin throws the goblin at you!
You hit the goblin.
You kill the goblin!
You hit the hobgoblin. You block the hobgoblin's attack.
The hobgoblin hits you.
You take 3 damage, and have 23/40 hp.
You closely miss the hobgoblin.
The hobgoblin is heavily wounded.
The hobgoblin hits you. Robin throws the goblin at you!
You take 8 damage, and have 15/40 hp.
You hit the goblin.
The goblin is moderately wounded.
You hit the hobgoblin but do no damage. You block the goblin's attack.
The hobgoblin hits you.
* * * LOW HITPOINT WARNING * * *
The hobgoblin hits you.
* * * LOW HITPOINT WARNING * * *
The goblin hits you with a +0 club.
* * * LOW HITPOINT WARNING * * *
You take 8 damage, and have 7/40 hp.
You closely miss the goblin.
The goblin is moderately wounded.
You hit the hobgoblin but do no damage. The goblin hits you but does no damage.
The hobgoblin hits you.
* * * LOW HITPOINT WARNING * * *
Robin flexes a bicep menacingly.
Robin roars a battlecry!
The hobgoblins go into a battle-frenzy!
You take 2 damage, and have 5/40 hp.
You closely miss the goblin.
The goblin is moderately wounded.
You completely miss the hobgoblin. The goblin hits you with a +0 club.
You die...

### # # ..#
#...#g####.#
#..gggg@g..#
....#g###..#
# #.###..#
#......####
####......#
#..###.#
#..# #.#
##+##
#..###.#
##>..##
#....#.#


You could see Robin, 4 hobgoblins and 2 goblins.

Vanquished Creatures
  A worm (D:2)
  2 ball pythons (D:1)
  A bat (D:2)
  5 endoplasms (D:1)
  A giant cockroach (D:1)
  6 goblins (D:2)
  5 hobgoblins
  4 jackals (D:1)
  A quokka (D:2)
  A kobold (D:1)
  4 rats
31 creatures vanquished.

Notes
Turn   | Place    | Note
-------+----------+-------------------------------------------
     0 | D:1      | Dirtsage the Ogre Fighter began the quest for the Orb.
     0 | D:1      | Reached XP level 1. HP: 24/24 MP: 1/1
   410 | D:1      | Reached XP level 2. HP: 32/32 MP: 2/2
   792 | D:1      | Reached XP level 3. HP: 40/40 MP: 3/3
  1104 | D:2      | Found a faded altar of an unknown god.
  1123 | D:2      | Noticed Robin
  1142 | D:2      | Slain by a goblin

Illustrated notes

Levels and vault maps discovered:
D:1:      dpeg_arrival_stone_temple_mockup, layout_basic
D:2:      minmay_recursive_quarters, layout_loops_corners,
          chequers_ecumenical_altar_simple_redux, uniq_robin, uniq_jessica

Skill      XL: |  1  2  3 |
---------------+----------+-----
Dodging        | 3 |  3.0
Fighting       | |  4.4
Axes           | |  2.8
Shields        | |  3.3

Action                     || total
---------------------------++-------
  Melee: War axe           ||    62
 Armour: Robe              ||    51
  Dodge: Dodged            ||    25
  Block: Kite shield       ||    27

Table legend: (Time is in decaauts)
 A = Elapsed time spent in this place.
 B = Non-inter-level travel time spent in this place.
 C = Inter-level travel time spent in this place.
 D = Time resting spent in this place.
 E = Time spent auto-exploring this place.
 F = Levels seen in this place.
 G = Mean time per level.
                   A        B        C        D        E       F      G
               +--------+--------+--------+--------+--------+-----+--------+
         Total |   1172 |   1142 |     30 |      0 |    967 |   2 |  586.0 |
       Dungeon |   1172 |   1142 |     30 |      0 |    967 |   2 |  586.0 |
               +--------+--------+--------+--------+--------+-----+--------+

Top non-repeatable levels by time:
     D:1: 926 daAuts
     D:2: 245 daAuts
